 Dungeon Crawl Stone Soup version 0.21-a0-59-g7b0e191 (webtiles) character file.

98 grindst0ne the Vexing (level 4, -4/30 HPs)
             Began as a Vampire Enchanter on June 16, 2017.
             Killed from afar by Ijyb (6 damage)
             ... with a wand of flame (?/48)
             ... on level 2 of the Dungeon.
             The game lasted 00:08:27 (3171 turns).

grindst0ne the Vexing (Vampire Enchanter)           Turns: 3171, Time: 00:08:27

Health: -4/30      AC:  0    Str:  7    XL:     4   Next: 43%
Magic:  1/7        EV: 20    Int: 17    God:
Gold:   125        SH:  0    Dex: 20    Spells: 1/7 levels left

rFire    . . .     SeeInvis +   (weapon currently unavailable)
rCold    + . .     Gourm    .   (shield currently unavailable)
rNeg     + + .     Faith    .   (armour currently unavailable)
rPois    +         Spirit   .   (helmet currently unavailable)
rElec    .         Reflect  .   (cloak currently unavailable)
rCorr    .         Harm     .   (gloves currently unavailable)
MR       .....                  (boots currently unavailable)
Stlth    ++++++....             (no amulet)
HPRegen  0.05/turn              (ring currently unavailable)
MPRegen  0.10/turn              (ring currently unavailable)

@: bat-form, flying, regenerating slowly, very quick
A: fangs 3, see invisible
a: End Transformation


You were on level 2 of the Dungeon.
You were near bloodless.
You were in vampire-bat-form.
You visited 1 branch of the dungeon, and saw 3 of its levels.

You collected 125 gold pieces.

Inventory:

Hand Weapons
 a - a +1 dagger (melded)
Armour
 b - a +0 robe
 d - a +0 pair of gloves (melded)
 g - a +1 hat (melded)
 n - a +0 leather armour (melded)
Scrolls
 j - a scroll of recharging {unknown}
 l - a scroll of teleportation {unknown}
 m - a scroll of immolation {unknown}
 p - a scroll of magic mapping {unknown}
Potions
 e - a potion of brilliance
 h - a potion of mutation {unknown}
 i - a potion of curing {unknown}
 k - a potion of lignification {unknown}
 q - 17 potions of blood
Books
 c - a book of Maledictions

   Spells                             Type                      Level
   a - Corona                         Hexes                        1
   b - Ensorcelled Hibernation        Hexes/Ice                    2
   c - Confuse                        Hexes                        3
   d - Tukima's Dance                 Hexes                        3
   e - Dazzling Spray                 Conjuration/Hexes            3


   Skills:
 - Level 1.1 Short Blades
 - Level 2.1 Dodging
 + Level 6.2 Stealth
 - Level 2.0 Spellcasting
 + Level 6.4 Hexes


You had one spell level left.
You knew the following spells:

 Your Spells              Type           Power        Failure   Level  Hunger
a - Confuse               Hex            ###.....     4%          3    ###....
b - Ensorcelled Hibernat  Hex/Ice        ##....       8%          2    ###....
o - Corona                Hex            ###....      1%          1    #......


Dungeon Overview and Level Annotations

Branches:
Dungeon (3/15)

Altars:
Elyvilon
Gozag

Shops:
D:2 *

Annotations:
D:2 Ijyb


Innate Abilities, Weirdness & Mutations

You heal slowly.
You have razor-sharp teeth.
You have supernaturally acute eyesight. (SInv)
((You can survive without breathing.))


Message History

You hit Ijyb but do no damage.
Ijyb is lightly wounded.
Ijyb zaps a wand.
The puff of flame hits you!
(D) Dungeon
Where to? (Enter - D:3, ? - help) Ijyb is nearby!
Ijyb misses you.
You climb upwards.
There is a stone staircase leading down here.
You fail to use your ability.
Ijyb zaps a wand.
The puff of flame hits you!
* * * LOW HITPOINT WARNING * * *
You turn into a vampire bat.
Your +1 dagger melds into your body.
Your +1 hat melds into your body.
Your +0 pair of gloves melds into your body.
Your +0 leather armour melds into your body.
Ijyb zaps a wand.
The puff of flame hits you!
* * * LOW HITPOINT WARNING * * *
Your magical contamination has completely faded away.
Ijyb zaps a wand.
The puff of flame hits you!
You die...

# #.##############.............#
# #.#..............#.#.#.#.#.#.#
####.#...............g..........#
##......##......##..#.#.#.#.#.#.#
##......###....###..............#
##.......###..###...#.#.#.#.#.###
##........######...............#
...........# #....##.#.#.#.#.##
.###.##....# #.b..#...........#
.###.##...######...##.#.#.#.#.##
..##.##..###..###..#...........#
#.##.##.###....###.##.#.#.#.#.##
#....##.##......##.#...........#
#....##............##.#.#.#.#.##
.....############.#............#
....## #..........#.#.#.#.#.##
..#.# #.#######..#.#.#######


You could see Ijyb.

Vanquished Creatures
  A gnoll (D:3)
  2 adders (D:2)
  An ooze (D:3)
  A worm (D:2)
  A dart slug (D:1)
  2 leopard geckos
  An orc (D:3)
  7 bats
  5 giant cockroaches (D:2)
  7 goblins
  3 hobgoblins (D:1)
  5 jackals
  A quokka (D:2)
  3 frilled lizards
  8 kobolds
  6 rats
54 creatures vanquished.

Vanquished Creatures (others)
  A bat (D:3)
1 creature vanquished.

Grand Total: 55 creatures vanquished

Notes
Turn   | Place    | Note
-------+----------+-------------------------------------------
     0 | D:1      | grindst0ne the Vampire Enchanter began the quest for the Orb.
     0 | D:1      | Reached XP level 1. HP: 13/13 MP: 3/3
   542 | D:1      | Reached XP level 2. HP: 19/19 MP: 5/5
   546 | D:1      | Learned a level 2 spell: Ensorcelled Hibernation
   579 | D:1      | Reached skill level 5 in Stealth
   589 | D:1      | Reached skill level 5 in Hexes
  1541 | D:2      | Found a white marble altar of Elyvilon.
  1714 | D:2      | Reached XP level 3. HP: 24/24 MP: 3/6
  1745 | D:2      | Learned a level 3 spell: Confuse
  2332 | D:2      | Found Gozag's Platinum Reserve.
  2361 | D:2      | Found an opulent altar of Gozag.
  2569 | D:2      | Reached XP level 4. HP: 30/30 MP: 7/7
  2819 | D:3      | Noticed Ijyb
  3171 | D:2      | Killed from afar by Ijyb

Vault maps used:
D:1:      kennysheep_arrival_seaside
D:2:      minmay_door_path, lemuel_doored_altar,
          nicolae_gozag_zags_fifth_avenue, first_bread, grunt_ministairs_9,
          minivault_19, st_stairs_11
D:3:      lemuel_round_altar, overflow_temple_1_default, tso_oasis_becter,
          st_stairs_3, kennysheep_decorative_pillar,
          minmay_misc_feat_nine_boxes, uniq_sigmund, uniq_ijyb

Skill      XL: |  1  2  3 |
---------------+----------+-----
Stealth        | 5 6 |  6.2
Hexes          | 5 6 |  6.4
Short Blades   | |  1.1
Dodging        | |  2.1
Spellcasting   | |  2.0

Action                   |  1- 3 |  4- 6 || total
-------------------------+-------+-------++-------
Melee: Dagger            |   161 |    46 ||   207
       Bite              |     6 |     3 ||     9
 Cast: Ensorcelled Hiber |    19 |     8 ||    27
 Abil: Bat Form          |       |     2 ||     2
       End Transformatio |       |     1 ||     1
  Use: Scroll            |       |     3 ||     3
       Potion            |       |     1 ||     1
 Stab: Sleeping          |    21 |     2 ||    23
       Distracted        |     2 |       ||     2
Armor: Robe              |    41 |       ||    41
       Leather armour    |     7 |    21 ||    28
Dodge: Dodged            |   124 |    53 ||   177
